 Dungeon Crawl Stone Soup version 0.27-a0-1525-g1038ab4fd7 (webtiles) character file.

Game seed: 15331347927465024350

14984 gimp the Cleaver (level 12, -19/86 HPs)
             Began as a Formicid Monk on July 11, 2021.
             Was an Initiate of Gozag.
             Demolished by an orc warlord (23 damage)
             ... on level 9 of the Dungeon.
             The game lasted 00:27:24 (10634 turns).

gimp the Cleaver (Formicid Monk)                   Turns: 10634, Time: 00:27:25

Health: -19/86     AC: 16    Str: 21    XL:     12   Next: 52%
Magic:  21/21      EV: 11    Int: 10    God:    Gozag
Gold:   144        SH:  6    Dex: 15    Spells: 11/11 levels left

rFire    + + .     SeeInvis +   a - +7 hand axe of the Endless March {vorpal, rPois rC+ Will+}
rCold    + . .     Faith    .   e - +0 buckler
rNeg     . . .     Spirit   .   i - +1 fire dragon scales
rPois    +         Reflect  .   (helmet unavailable)
rElec    .         Harm     .   (no cloak)
rCorr    .         Rampage  .   l - +0 pair of gloves
Will     ++...                  (no boots)
Stlth    +.........             n - amulet of regeneration
HPRegen  1.24/turn              y - ring of magical power
MPRegen  0.17/turn              (no ring)

@: no status effects
A: permanent stasis, dig shafts and tunnels, antennae 3, four strong arms,
iridescent scales 1, agile 1, cold resistance 1
a: Dig, Shaft Self, Renounce Religion, Potion Petition, Call Merchant, Bribe
Branch


You were on level 9 of the Dungeon.
You worshipped Gozag.
Gozag was aware of your devotion.
You visited 3 branches of the dungeon, and saw 14 of its levels.
You also visited: Sewer.

You collected 1548 gold pieces.
You spent 765 gold pieces at shops.
You paid 639 gold pieces to Gozag.

Inventory:

Hand Weapons
 a - the +7 hand axe of the Endless March (weapon) {vorpal, rPois rC+ Will+}
   (You found it on level 8 of the Dungeon)

   It inflicts extra damage upon your enemies.
   rC:        It protects you from cold.
   rPois:     It protects you from poison.
   Will:      It increases your willpower.
 b - a +4 broad axe of draining
 v - a +2 battleaxe
Missiles
 o - 3 throwing nets
 q - 15 curare-tipped darts
Armour
 d - a +2 tower shield of cold resistance
 e - a +0 buckler (worn)
 f - a +0 plate armour
 i - +1 fire dragon scales (worn)
 l - a +0 pair of gloves (worn)
 u - a +2 leather armour of cold resistance
Jewellery
 n - an amulet of regeneration (around neck)
 y - a ring of magical power (left hand)
 A - a ring of protection from fire
 B - an amulet of magic regeneration
Wands
 p - a wand of digging (7)
 D - a wand of mindburst (7) (quivered)
 E - a wand of polymorph (4)
Scrolls
 k - 2 scrolls of silence
 r - a scroll of summoning
 w - 2 scrolls of enchant weapon
Potions
 g - 4 potions of flight
 m - 2 potions of might
 s - 2 potions of brilliance {unknown}
 t - 2 potions of cancellation {unknown}
 x - 2 potions of berserk rage {unknown}
 z - a potion of resistance {unknown}
 C - 2 potions of attraction {unknown}


   Skills:
 - Level 5.0 Fighting
 * Level 14.7 Axes
 + Level 11.4 Armour
 - Level 2.6 Dodging
 - Level 2.4 Stealth
 + Level 6.4 Shields


You had 11 spell levels left.
You didn't know any spells.
Your spell library contained the following spells:

 Spells                   Type           Power      Damage    Failure   Level
 Magic Dart               Conj           0%         1d3       69%         1
 Call Imp                 Summ           0%         N/A       83%         2
 Corpse Rot               Necr/Air       N/A        N/A       83%         2
 Passwall                 Tmut/Erth      0%         N/A       83%         2
 Sublimation of Blood     Necr           0%         N/A       83%         2
 Frozen Ramparts          Ice            0%         1d2       96%         3
 Gell's Gravitas          Tloc           0%         N/A       96%         3
 Mephitic Cloud           Conj/Pois/Air  0%         N/A       96%         3
 Teleport Other           Tloc           0%         N/A       96%         3
 Airstrike                Air            0%         N/A       100%        4
 Dispel Undead            Necr           0%         3d6       100%        4
 Ice Form                 Ice/Tmut       0%         N/A       100%        4
 Petrify                  Tmut/Erth      0%         N/A       100%        4
 Summon Ice Beast         Ice/Summ       0%         N/A       100%        4
 Summon Lightning Spire   Summ/Air       0%         N/A       100%        4
 Irradiate                Conj/Tmut      0%         3d13      100%        5
 Lightning Bolt           Conj/Air       0%         1d11      100%        5
 Death Channel            Necr           0%         N/A       100%        6
 Dispersal                Tloc           0%         N/A       100%        6
 Invisibility             Hex            0%         N/A       100%        6
 Swiftness                Air            Unusable   N/A       N/A         3

Dungeon Overview and Level Annotations

Branches:
Dungeon (11/15)            Temple (1/1) D:7            Lair (0/6) D:9
    Orc (2/2) D:9             Elf (0/3) Orc:2         Sewer (visited)

Altars:
Ashenzari
Cheibriados
Dithmenos
Elyvilon
Fedhas
Gozag
Hepliaklqana
Kikubaaqudgha
Makhleb
Nemelex Xobeh
Okawaru
Qazlal
Ru
Sif Muna
Trog
Uskayaw
Vehumet
Wu Jian
Xom
Yredelemnul
Zin
The Shining One
Beogh

Shops:
D:4 *   D:11 (

Annotations:
D:2 1 runed translucent door, Crazy Yiuf
Orc:1 Gastronok


Innate Abilities, Weirdness & Mutations

You cannot be hasted, slowed, berserked, paralysed or teleported.
You can dig through walls and to a lower floor.
You have a pair of large antennae on your head. (SInv)
Your four strong arms can wield two-handed weapons with a shield.
You are partially covered in iridescent scales. (AC +2)
You are agile. (Dex +2)
Your flesh is cold resistant. (rC+)


Message History

The orc warlord hits you with a +0 battleaxe!!
The troll barely misses you. The troll claws you. You block the troll's attack.
The orc warlord hits you with a +0 battleaxe!
There is a staircase back to the Dungeon, spattered with blood here.
You take 41 damage, and have 45/86 hp.
MASSIVE DAMAGE!!
The troll bites you! The troll claws you. x2
The orc warlord hits you with a +0 battleaxe!!
* * * LOW HITPOINT WARNING * * *
The orc is distracted by your dazzling golden aura.
The orc priest mumbles some strange prayers to Beogh against you.
You resist with almost no effort.
The orc shouts!
You climb upwards.
Welcome back to the Dungeon!
There is a staircase to the Orcish Mines here.
You take 38 damage, and have 7/86 hp.
MASSIVE DAMAGE!!
Okay, then.
Okay, then.
Okay, then.
As you read the scroll of summoning, it crumbles to dust.
Wisps of shadow whirl around you... The troll bites you but does no damage.
The troll closely misses you. x2
The orc warlord hits you with a +0 battleaxe.
* * * LOW HITPOINT WARNING * * *
The orc warlord closely misses your killer bee.
The orc warlord hits your kobold brigand with a +0 battleaxe!
The orc warlord barely misses your wraith.
You take 2 damage, and have 5/86 hp.
Okay, then.
Unknown command.
You closely miss the orc.
The orc is no longer distracted by gold.
You hit the orc warlord. You slash the troll!
The troll bites you but does no damage. The troll claws you.
* * * LOW HITPOINT WARNING * * *
The troll claws you but does no damage.
Your killer bee barely misses the orc warlord.
The orc barely misses you.
The orc warlord hits you with a +0 battleaxe!!
You die...
Your body crumbles into a pile of gold.

#............# #.....
#.######..#######.....
#.# #..............
#.# #.#######......
#.# #.#............
#.# #.#.#####......
#{# #.#[# #........
#K######o#.###.###)...
#.yWo@Toooo.##.######.
#.KKo######......#....
##.#y# #..#.#......
#{#y# #......#.###
##.#K## #..#.#...#
#...y.#####..).....#
#.#...........#..#.#
#.....#####.#.##.#)#
####..........##.#.###


You could see an orc warlord (ally target), a troll (ally target), an orc
(strong, ally target), a friendly wraith (summoned), a friendly kobold brigand
(summoned), 4 friendly killer bees, a friendly orc priest (summoned), a friendly
orc wizard (summoned), 3 friendly orcs and 3 friendly kobolds.

Vanquished Creatures
  An ogre mage (Orc:2)
  7 two-headed ogres
  A deep elf pyromancer (D:11)
  2 kobold demonologists (D:10)
  A komodo dragon (D:7)
  A troll (Orc:1)
  Grinder (Sewer)
  Sigmund (D:6)
  A shadow (D:11)
  5 yaks (D:9)
  2 wraiths
  3 wyverns (D:9)
  A steam dragon (D:9)
  3 wargs
  5 water moccasins
  7 orc warriors
  A hornet zombie (D:9)
  An ice beast (D:8)
  10 ogres
  2 centaurs
  22 kobold brigands
  5 bullfrogs
  Blork the orc (D:6)
  3 gnoll sergeants
  2 scorpions
  A water moccasin zombie (D:5)
  4 wights
  5 centaur zombies
  2 quasits (Sewer)
  3 orc priests
  A hound (D:6)
  Jessica (D:2)
  An iguana (D:6)
  6 orc wizards
  Robin (D:2)
  2 howler monkey zombies
  22 gnolls
  A howler monkey skeleton (D:6)
  11 adders
  3 shadow imps
  3 ufetubi (Sewer)
  An adder skeleton (D:4)
  2 worms (D:5)
  3 dart slugs
  24 orcs
  5 bats
  9 endoplasms
  3 giant cockroaches
  20 goblins
  10 hobgoblins
  10 jackals
  35 kobolds
  3 quokkas
  5 ball pythons
  4 frilled lizards
  2 kobold zombies (Sewer)
  6 rats
298 creatures vanquished.

Vanquished Creatures (others)
  A kobold zombie (Sewer)
  A bush (D:9)
  6 fungi (D:9)
  18 plants (D:9)
26 creatures vanquished.

Grand Total: 324 creatures vanquished

Notes
Turn   | Place    | Note
-------+----------+-------------------------------------------
     0 | D:1      | gimp the Formicid Monk began the quest for the Orb.
     0 | D:1      | Reached XP level 1. HP: 18/18 MP: 1/1
   237 | D:1      | Reached XP level 2. HP: 25/25 MP: 2/2
   764 | D:1      | Found a faded altar of an unknown god.
  1008 | D:2      | Reached XP level 3. HP: 20/30 MP: 3/3
  1129 | D:2      | Noticed Jessica
  1136 | D:2      | Killed Jessica
  1137 | D:2      | Reached skill level 1 in Shields
  1344 | D:2      | Reached XP level 4. HP: 26/38 MP: 4/4
  1400 | D:2      | Reached skill level 5 in Fighting
  1646 | D:2      | Noticed Robin
  1699 | D:2      | Killed Robin
  1700 | D:2      | Reached XP level 5. HP: 21/44 MP: 5/5
  1920 | D:2      | Reached skill level 1 in Armour
  2236 | D:2      | Found a runed translucent door.
  2237 | D:2      | Noticed Crazy Yiuf
  2525 | D:3      | HP: 2/44 [adder (4)]
  2526 | D:3      | Gained mutation: Your flesh is cold resistant. (rC+)
                  | [potion of mutation]
  2526 | D:3      | Gained mutation: You are partially covered in iridescent
                  | scales. (AC +2) [potion of mutation]
  2526 | D:3      | Gained mutation: You are agile. (Dex +2) [potion of
                  | mutation]
  3185 | D:3      | Reached skill level 4 in Axes
  3185 | D:3      | Reached XP level 6. HP: 46/51 MP: 3/6
  3297 | D:3      | Found a broken altar of Ashenzari.
  3309 | D:3      | Found an ancient bone altar of Kikubaaqudgha.
  3312 | D:3      | Noticed an ogre
  3330 | D:3      | Killed an ogre
  3533 | D:3      | Found a bloodstained altar of Trog.
  3533 | D:3      | Found a snail-covered altar of Cheibriados.
  3924 | D:3      | Reached XP level 7. HP: 56/56 MP: 5/7
  4112 | D:4      | Reached skill level 5 in Axes
  4363 | D:4      | Noticed a two-headed ogre
  4460 | D:4      | Found Jitoubi's Gadget Gallery.
  4466 | D:4      | Bought a wand of iceblast (10) for 140 gold pieces
  4473 | D:5      | Entered Level 5 of the Dungeon
  4564 | D:5      | Found a glowing drain.
  4594 | Sewer    | Entered a sewer
  4727 | Sewer    | Found a burning altar of Makhleb.
  4847 | Sewer    | Noticed Grinder
  4880 | Sewer    | Killed Grinder
  4881 | Sewer    | Reached skill level 6 in Axes
  4881 | Sewer    | Reached XP level 8. HP: 28/62 MP: 8/8
  5027 | Sewer    | Identified a scroll of acquirement
  5027 | Sewer    | Acquired a +2 tower shield of cold resistance
  5192 | D:5      | Reached skill level 5 in Shields
  5337 | D:5      | Reached skill level 7 in Axes
  5533 | D:5      | Found a glowing golden altar of the Shining One.
  5780 | D:6      | Noticed Sigmund
  5799 | D:6      | Killed Sigmund
  5800 | D:6      | Reached skill level 5 in Armour
  5875 | D:6      | Reached XP level 9. HP: 68/68 MP: 9/9
  5889 | D:6      | Noticed Blork the orc
  5915 | D:6      | Killed Blork the orc
  5916 | D:6      | Reached skill level 8 in Axes
  6751 | D:7      | Noticed a komodo dragon
  6757 | D:7      | Reached skill level 9 in Axes
  6810 | D:7      | HP: 1/68 [komodo dragon (27)]
  6889 | D:7      | Killed a komodo dragon
  7041 | D:7      | Found a staircase to the Ecumenical Temple.
  7158 | Temple   | Entered the Ecumenical Temple
  7256 | Temple   | Became a worshipper of Gozag Ym Sagoz the Greedy
  7478 | D:7      | Found a burning altar of Makhleb.
  7667 | D:8      | Identified the +7 hand axe of the Endless March {vorpal,
                  | rPois rC+ Will+}
  7689 | D:8      | Reached skill level 10 in Axes
  7799 | D:8      | Reached XP level 10. HP: 59/74 MP: 10/10
  7801 | D:8      | Noticed a boulder beetle
  8106 | D:9      | Found a staircase to the Orcish Mines.
  8135 | D:9      | Reached skill level 11 in Axes
  8247 | D:9      | Found a staircase to the Lair.
  8248 | D:9      | Noticed a two-headed ogre
  8264 | D:9      | Killed a two-headed ogre
  8284 | D:9      | Reached skill level 12 in Axes
  8288 | D:9      | Reached XP level 11. HP: 50/79 MP: 11/11
  8666 | D:10     | Entered Level 10 of the Dungeon
  8799 | D:10     | Noticed a two-headed ogre
  8806 | D:10     | Killed a two-headed ogre
  9116 | D:10     | Reached skill level 10 in Armour
  9121 | D:10     | Reached skill level 13 in Axes
  9494 | D:11     | Noticed a deep elf pyromancer
  9507 | D:11     | Killed a deep elf pyromancer
  9553 | D:11     | Noticed a two-headed ogre
  9564 | D:11     | Killed a two-headed ogre
 10028 | D:11     | Bought a runed broad axe for 175 gold pieces
 10032 | D:11     | Bought a glowing hand axe for 150 gold pieces
 10035 | D:11     | Bought a glowing hand axe for 150 gold pieces
 10038 | D:11     | Bought a runed hand axe for 150 gold pieces
 10103 | Orc:1    | Entered Level 1 of the Orcish Mines
 10208 | Orc:1    | You fall into a shaft and drop 1 floor!
 10208 | Orc:2    | Entered Level 2 of the Orcish Mines
 10225 | Orc:2    | Reached XP level 12. HP: 78/86 MP: 12/12
 10294 | Orc:2    | Noticed a two-headed ogre
 10294 | Orc:2    | Noticed a two-headed ogre
 10294 | Orc:2    | Noticed a two-headed ogre
 10295 | Orc:2    | Noticed a two-headed ogre
 10295 | Orc:2    | Noticed an ogre mage
 10295 | Orc:2    | Noticed an ogre mage
 10295 | Orc:2    | Noticed a two-headed ogre
 10305 | Orc:2    | Found a staircase to the Elven Halls.
 10317 | Orc:2    | Killed a two-headed ogre
 10318 | Orc:2    | Reached skill level 14 in Axes
 10318 | Orc:2    | Noticed an orc warlord
 10382 | Orc:2    | Killed an ogre mage
 10387 | Orc:2    | Killed a two-headed ogre
 10407 | Orc:2    | Noticed an orc high priest
 10409 | Orc:2    | Noticed a sixfirhy
 10442 | Orc:2    | Killed a two-headed ogre
 10446 | Orc:2    | HP: 3/86 [two-headed ogre (11)]
 10448 | Orc:2    | Killed a two-headed ogre
 10525 | Orc:1    | Noticed Gastronok
 10531 | Orc:1    | Noticed an orc warlord
 10634 | D:9      | HP: 4/86 [troll[an orc warlord] (2)]
 10634 | D:9      | Demolished by an orc warlord

Illustrated notes

Levels and vault maps discovered:
D:1:      wander_arrival_chamber, layout_loops_ring,
          shapermc_ecumenical_altar_starsandcircs
D:2:      layout_rooms, dk_noncrumbling_4, uniq_robin, uniq_jessica,
          uniq_crazy_yiuf_cottage
D:3:      layout_rooms, nicolae_overflow_hidden_temple, minmay_ogre_servants
D:4:      minmay_wonky_spiral, layout_rooms, nicolae_shop_gadgets
D:5:      layout_loops_ring, nicolae_tso_swordbearing_angel,
          cheibrodos_sewer_entry_bend
D:6:      layout_cave_pods, nicolae_lava_and_water, uniq_blork_the_orc,
          uniq_sigmund
D:7:      layout_gridville, lemuel_crystal_altar, minmay_temple_entry_hall
D:8:      wander_kiku_kobolds, layout_basic, serial_shops, nicolae_shop_crystal,
          hangedman_abyss_or_decor_slice
D:9:      layout_loops_ring, minmay_lair_entry_grove, orc_0_dummy, serial_glass,
          glass_columns_a, glass_columns_b
D:10:     layout_roguey [special_room_kobold]
D:11:     layout_big_octagon, minivault_26
Temple:   lightli_temple_of_artemis
Orc:1:    layout_caves, basic_altar, serial_shops, shop, uniq_gastronok
Orc:2:    st_orc_ogre_mass, layout_diamond_mine, mines5_lemuel

Skill      XL: |  1  2  3  4  5  6  7  8  9 10 11 12 |
---------------+-------------------------------------+-----
Fighting       | 4 5 |  5.0
Shields        | 1 2 3 4 5 6 |  6.4
Armour         | 1 2 4 5 7 9 10 11 | 11.4
Axes           | 4 6 7 10 12 13 14 | 14.7
Dodging        | |  2.6
Stealth        | |  2.4

Action                   |  1- 3 |  4- 6 |  7- 9 | 10-12 || total
-------------------------+-------+-------+-------+-------++-------
Melee: Hand axe          |    68 |   254 |   493 |   477 ||  1292
Invok: Call Merchant     |       |       |       |     1 ||     1
 Abil: Dig               |       |     4 |     2 |    18 ||    24
Evoke: Wand              |       |       |    10 |    13 ||    23
  Use: Potion            |       |     5 |     1 |     5 ||    11
       Scroll            |       |     1 |    11 |     5 ||    17
 Stab: Sleeping          |     1 |       |     5 |       ||     6
       Invisible         |       |     2 |       |       ||     2
       Distracted        |       |     1 |       |     6 ||     7
Armor: Robe              |     2 |       |       |       ||     2
       Leather armour    |    17 |    46 |   170 |    12 ||   245
       Skin              |       |    12 |       |       ||    12
       Ring mail         |       |     4 |       |       ||     4
       Fire dragon scale |       |       |       |    94 ||    94
Dodge: Dodged            |    41 |   147 |   290 |   137 ||   615
Block: Buckler           |     3 |    57 |   116 |    88 ||   264

Table legend: (Time is in decaauts)
 A = Elapsed time spent in this place.
 B = Non-inter-level travel time spent in this place.
 C = Inter-level travel time spent in this place.
 D = Time resting spent in this place.
 E = Time spent auto-exploring this place.
 F = Levels seen in this place.
 G = Mean time per level.
                   A        B        C        D        E       F      G
               +--------+--------+--------+--------+--------+-----+--------+
         Total |  10524 |  10060 |    464 |    170 |   6989 |  15 |  701.6 |
       Dungeon |   9548 |   9091 |    457 |    165 |   6624 |  11 |  868.0 |
        Temple |    106 |     99 |      7 |      0 |     85 |   1 |  106.0 |
  Orcish Mines |    402 |    402 |      0 |      5 |     62 |   2 |  201.0 |
         Sewer |    466 |    466 |      0 |      0 |    218 |   1 |  466.0 |
               +--------+--------+--------+--------+--------+-----+--------+

Top non-repeatable levels by time:
     D:2: 1779 daAuts
     D:3: 1346 daAuts
     D:1: 1006 daAuts
     D:9: 902 daAuts
     D:6: 883 daAuts
     D:7: 853 daAuts
     D:5: 839 daAuts
    D:10: 779 daAuts
    D:11: 548 daAuts
   Sewer: 466 daAuts
     D:4: 390 daAuts
   Orc:2: 299 daAuts
     D:8: 218 daAuts
  Temple: 106 daAuts
   Orc:1: 103 daAuts
